Map: 10000 Feet LE

Players

HeroMarine - Winner!

  • Race: Terran Terran
  • Spawn Location: 11:00

Fjant

  • Race: Zerg Zerg
  • League: Grandmaster
  • Spawn Location: 5:00

VOD

Have the link to the VOD?

Description

Time

  • Played on: Jan. 31, 2026, 6:28 a.m.
  • Length: 14:30
Show
View Real Time Build Order
Export as new Build Order

HeroMarine Terran - Winner!

Build Orders: Hellion Opening, Reaper Expand 

Get SALT Encoding   

  12  0:00  SCV  
  13  0:12  SCV  
  14  0:17  Supply Depot  
  14  0:24  SCV  
  15  0:39  SCV  
  15  0:40  Barracks  
  16  0:42  Refinery  
  16  0:51  SCV  
  17  1:03  SCV  
  18  1:15  SCV  
  19  1:27  Orbital Command, Reaper  
  20  1:38  Command Center  
  20  1:47  Supply Depot  
  20  1:52  SCV  
  21  1:59  Marine  
  22  2:05  SCV  
  23  2:09  Factory  
  23  2:17  SCV  
  23  2:20  Barracks Reactor  
  24  2:29  SCV  
  25  2:39  Command Center  
  25  2:41  SCV  
  26  2:51  Orbital Command  
  26  2:53  SCV  
  27  3:02  Barracks Tech Lab  
  27  3:03  Hellion x2  
  27  3:05  SCV  
  32  3:10  Barracks  
  32  3:18  SCV x2  
  34  3:20  Marine  
  34  3:23  Stimpack  
  34  3:26  Hellion  
  37  3:29  Hellion  
  37  3:30  SCV  
  37  3:33  SCV  
  41  3:38  Marine  
  41  3:39  Refinery  
  42  3:42  SCV  
  42  3:45  SCV  
  44  3:51  Hellion x2  
  47  3:55  Marine  
  47  3:57  SCV x2  
  47  3:59  Marine  
  41  4:13  Orbital Command, Marine  
  41  4:14  SCV x2  
  43  4:22  Starport  
  43  4:26  SCV x2  
  43  4:27  Factory Reactor  
  43  4:31  Marine x2  
  45  4:32  Marine  
  45  4:38  SCV x2  
  50  4:39  Supply Depot  
  50  4:41  SCV  
  51  4:49  Marine x2  
  51  4:50  SCV x2, Marine  
  56  4:53  SCV  
  57  5:02  Supply Depot, SCV x2  
  62  5:12  Refinery  
  62  5:13  Refinery, Factory Tech Lab  
  61  5:14  SCV x2  
  61  5:17  Engineering Bay x2  
  61  5:21  Marine x2, Medivac  
  61  5:22  Medivac  
  61  5:23  Orbital Command  
  61  5:24  Marine  
  61  5:26  SCV x2  
  70  5:38  SCV, Supply Depot  
  70  5:39  SCV, Supply Depot, Combat Shield  
  72  5:44  Marine x2  
  72  5:45  Marine  
  72  5:49  SCV  
  76  5:50  SCV  
  77  5:59  Terran Infantry Armor Level 1, Terran Infantry Weapons Level 1  
  77  6:00  SCV, Barracks  
  77  6:01  SCV  
  77  6:03  SCV, Starport Reactor  
  80  6:05  Marine  
  80  6:06  Marine x2  
  80  6:11  Supply Depot  
  83  6:12  SCV  
  83  6:13  SCV  
  83  6:15  SCV  
  86  6:23  Marine x3  
  86  6:24  SCV  
  86  6:25  SCV  
  89  6:27  SCV  
  82  6:33  Siege Tank  
  82  6:36  SCV  
  82  6:37  SCV  
  82  6:38  Supply Depot  
  82  6:39  SCV  
  88  6:40  Medivac  
  88  6:41  Marine x3  
  88  6:42  Medivac  
  95  6:48  Barracks, SCV  
  95  6:49  SCV  
  95  6:51  SCV  
  95  6:54  Barracks, Marine  
  98  6:55  Marine  
  98  6:59  Marine x2  
  98  7:00  Marine  
  98  7:01  SCV x2  
  104  7:03  SCV  
  104  7:06  Supply Depot x2  
  104  7:07  Supply Depot x2  
  106  7:11  Armory  
  106  7:12  Marine x2  
  108  7:17  Marine  
  108  7:19  Marine  
  109  7:27  Marine  
  109  7:28  SCV x3, Siege Tank  
  116  7:30  Marine x2  
  116  7:34  Marine  
  107  7:37  Marine  
  107  7:38  Barracks Reactor  
  107  7:40  Refinery x2, SCV  
  107  7:41  Medivac  
  107  7:42  Medivac, Factory  
  113  7:45  Marine  
  113  7:48  Marine x2  
  113  7:49  Barracks Reactor  
  116  7:52  Marine  
  116  7:54  Sensor Tower  
  116  7:55  Marine  
  116  7:57  Command Center  
  118  8:00  Siege Tank  
  118  8:02  Terran Infantry Armor Level 2, Terran Infantry Weapons Level 2  
  118  8:03  Marine  
  122  8:06  Marine x2  
  122  8:10  Marine  
  125  8:13  Marine, SCV  
  125  8:14  SCV x2  
  125  8:15  Marine x2  
  129  8:21  Marine  
  129  8:24  Marine x2  
  129  8:27  Factory Reactor, Medivac  
  132  8:28  Medivac, Marine  
  132  8:31  Marine  
  132  8:32  Marine x2  
  132  8:33  Marine x2  
  141  8:37  Drilling Claws  
  141  8:39  Supply Depot  
  141  8:40  Marine  
  141  8:41  Widow Mine, Marine, Supply Depot  
  144  8:42  Supply Depot  
  145  8:49  Marauder  
  144  9:00  Barracks  
  144  9:01  Barracks  
  144  9:02  Barracks, Widow Mine  
  146  9:06  Medivac x2, Widow Mine x2  
  146  9:08  SCV x3  
  157  9:10  Supply Depot, Marauder  
  157  9:23  Siege Tank  
  160  9:32  Marauder  
  160  9:33  SCV x2  
  160  9:35  SCV  
  160  9:36  Marine x5, Medivac x2  
  160  9:37  Widow Mine x2  
  166  9:40  Marine  
  166  9:41  Marine  
  168  9:50  Barracks Tech Lab x2  
  168  9:51  Barracks Tech Lab, Planetary Fortress  
  168  9:53  Marauder  
  168  9:54  Marine x2  
  162  10:01  Concussive Shells  
  162  10:04  Marine, Refinery  
  162  10:05  Sensor Tower, Marine  
  162  10:06  Marine  
  162  10:07  Command Center  
  165  10:08  Marauder x2  
  162  10:15  Marauder  
  162  10:16  Marauder  
  163  10:23  Widow Mine x2  
  165  10:29  Marine  
  165  10:30  Marine, Marauder x2  
  165  10:33  Marine  
  165  10:34  Marine  
  174  10:36  Marauder  
  174  10:37  Marauder  
  174  10:39  Terran Infantry Weapons Level 3, Terran Infantry Armor Level 3  
  174  10:41  Marine x4  
  170  10:45  Liberator x2  
  170  10:47  Widow Mine x3, Marine x2  
  178  10:51  Marine x3, Marauder  
  183  10:57  Marauder  
  183  10:58  Marine x2  
  183  10:59  Marine x3  
  181  11:05  Marine  
  181  11:08  Marine  
  181  11:09  Marauder, Marine x2, Widow Mine  
  181  11:10  Widow Mine  
  176  11:12  Marauder  
  176  11:16  Marauder, Marine, Widow Mine  
  178  11:19  Marauder, Refinery  
  172  11:26  SCV x3  
  172  11:27  SCV  
  172  11:28  Medivac x2  
  172  11:30  Marauder  
  172  11:31  Marine x7  
  189  11:33  Marine  
  189  11:38  Marine x2  
  180  11:40  Marine  
  180  11:46  Widow Mine x2  
  185  11:49  Marine x2  
  185  11:50  Marine x2  
  185  11:51  Marine x4  
  185  11:52  Marauder  
  177  11:56  Marine, Widow Mine  
  177  11:58  Medivac  
  177  11:59  Marauder  
  177  12:00  Marauder  
  186  12:07  Marine x2, Widow Mine  
  186  12:08  Marine x2  
  177  12:10  Marauder, Marine x3  
  177  12:13  Planetary Fortress, Marauder  
  177  12:14  SCV x4  
  183  12:22  Ghost Academy  
  183  12:23  Widow Mine  
  183  12:24  Widow Mine  
  183  12:25  Medivac  
  183  12:26  SCV  
  183  12:28  Medivac  
  183  12:29  Widow Mine  
  192  12:33  Marine  
  192  12:35  Marine x3  
  192  12:36  Marine x2  
  193  12:37  Marauder  
  193  12:38  Marine x3, Marauder  
  193  12:42  Marauder  
  181  12:51  Marine  
  175  12:53  Marine  
  175  12:55  Medivac  
  175  12:56  Ghost  
  175  12:58  Medivac  
  172  13:01  Command Center x2  
  172  13:09  Widow Mine x3  
  172  13:10  Command Center  
  172  13:11  Ghost  
  176  13:13  Ghost  
  176  13:19  Ghost  
  172  13:24  Marine, Ghost  
  167  13:28  Marine x2  
  167  13:29  Marine x4  
  167  13:30  Widow Mine  
  167  13:31  Marine  
  167  13:32  Medivac x2  
  177  13:40  Ghost  
  164  13:42  Ghost, Marine  
  164  13:48  Ghost  
  167  13:53  Ghost, Command Center  
  171  13:59  Starport, Fusion Core  
Show
View Real Time Build Order
Export as new Build Order

Fjant Zerg 

Build Orders: Hatch First, Lurkers 

Get SALT Encoding   

  12  0:00  Drone  
  13  0:08  Drone  
  14  0:16  Extractor, Drone  
  15  0:22  Overlord  
  15  0:43  Drone  
  15  0:46  Hatchery  
  15  0:50  Drone  
  15  0:53  Drone  
  15  0:56  Drone  
  18  1:07  Extractor  
  17  1:11  Spawning Pool  
  17  1:15  Drone  
  17  1:17  Drone  
  18  1:26  Drone  
  19  1:38  Drone  
  20  1:50  Drone  
  21  1:58  Queen x2  
  21  1:59  Zergling x4  
  27  2:08  Metabolic Boost  
  27  2:10  Drone  
  27  2:11  Overlord  
  27  2:34  Drone  
  27  2:37  Hatchery, Drone  
  27  2:42  Drone x2  
  29  2:47  Queen  
  31  2:55  Overlord  
  31  2:59  Zergling x4  
  31  3:05  Overlord  
  33  3:07  Zergling x4  
  35  3:18  Zergling x10  
  40  3:31  Zergling x8  
  44  3:46  Zergling x8, Queen  
  50  3:55  Drone x3  
  52  4:00  Drone  
  52  4:01  Drone  
  51  4:05  Drone  
  51  4:06  Drone x3  
  49  4:10  Drone  
  49  4:15  Drone x2  
  52  4:22  Drone  
  51  4:25  Queen  
  51  4:26  Queen  
  51  4:30  Overlord  
  55  4:32  Drone x2  
  57  4:43  Overlord x2  
  57  4:50  Overlord  
  57  4:52  Baneling Nest  
  56  4:57  Drone  
  57  5:01  Queen, Overlord  
  57  5:03  Drone x2  
  57  5:04  Drone x5  
  57  5:06  Drone x2  
  68  5:11  Drone x3  
  71  5:15  Lair  
  71  5:21  Zergling x6  
  74  5:22  Drone x2  
  74  5:24  Extractor, Drone  
  74  5:27  Extractor  
  75  5:28  Drone  
  75  5:29  Drone  
  75  5:34  Drone x2  
  75  5:35  Drone x4  
  83  5:44  Zergling x4  
  83  5:47  Hatchery, Zergling x6  
  87  5:56  Evolution Chamber  
  86  5:57  Evolution Chamber  
  86  6:00  Zergling x8  
  88  6:04  Overlord  
  88  6:08  Drone x2  
  90  6:15  Overlord  
  90  6:17  Overlord  
  89  6:21  Drone  
  89  6:22  Drone x2  
  89  6:24  Drone x2  
  86  6:26  Drone  
  86  6:27  Drone x2  
  86  6:28  Drone x2  
  86  6:31  Centrifugal Hooks  
  91  6:34  Drone x3  
  91  6:37  Zerg Melee Weapons Level 1, Zerg Ground Armor Level 1  
  91  6:40  Zergling x4  
  91  6:43  Drone  
  94  6:47  Drone  
  94  6:48  Drone  
  94  6:50  Extractor  
  95  6:55  Hatchery  
  95  6:56  Baneling x3  
  95  6:57  Baneling  
  95  6:58  Baneling  
  94  7:01  Hatchery  
  94  7:03  Zergling x12  
  94  7:06  Hydralisk Den  
  94  7:07  Extractor  
  94  7:08  Drone x2  
  98  7:20  Zergling x14  
  99  7:24  Queen  
  99  7:25  Baneling x2  
  99  7:26  Baneling  
  99  7:27  Zergling x6  
  104  7:32  Zergling x6  
  104  7:36  Muscular Augments  
  106  7:41  Drone x6  
  112  7:45  Baneling x5  
  112  7:50  Baneling x3  
  111  7:51  Overlord x2  
  111  7:52  Overlord  
  111  7:56  Overlord  
  111  7:58  Overlord  
  111  8:04  Overlord  
  111  8:07  Baneling x2  
  111  8:08  Baneling x3  
  111  8:14  Zergling x20  
  116  8:21  Zergling x2  
  116  8:24  Hydralisk x3  
  121  8:27  Hydralisk x3  
  121  8:29  Zergling x2  
  127  8:36  Baneling x3, Zergling x10  
  127  8:38  Baneling x2  
  127  8:39  Zergling x2  
  127  8:40  Grooved Spines  
  133  8:43  Hydralisk  
  133  8:45  Zerg Ground Armor Level 2  
  135  8:49  Hydralisk  
  135  8:51  Zergling x8  
  135  8:55  Zergling x8  
  145  8:58  Zergling x12  
  145  9:01  Overlord  
  151  9:03  Drone  
  151  9:06  Drone x2  
  151  9:07  Drone  
  151  9:12  Evolution Chamber  
  145  9:17  Hydralisk x5  
  145  9:21  Drone  
  145  9:22  Drone  
  145  9:23  Drone x6  
  163  9:28  Baneling x5  
  156  9:34  Zergling x2  
  156  9:35  Zergling x16  
  150  9:39  Baneling x3  
  150  9:40  Hydralisk x2  
  150  9:45  Zergling x8  
  158  9:46  Baneling  
  158  9:47  Baneling x3  
  158  9:52  Baneling x6, Hydralisk x2  
  160  9:59  Baneling x5, Zergling x10  
  167  10:00  Zergling x2  
  167  10:05  Zergling x4  
  167  10:06  Zergling x4  
  167  10:16  Overseer x3  
  167  10:18  Zergling x2  
  167  10:19  Zergling x18  
  162  10:23  Zergling x6  
  154  10:30  Zergling x6  
  154  10:31  Hydralisk  
  154  10:34  Hydralisk x2  
  162  10:40  Zergling x6  
  162  10:42  Zerg Melee Weapons Level 2  
  165  10:43  Baneling x2  
  165  10:44  Infestation Pit  
  165  10:46  Extractor x2, Drone x2  
  165  10:47  Drone  
  165  10:49  Baneling x2  
  142  11:06  Zergling x2  
  142  11:07  Zergling x14  
  127  11:11  Zergling x6  
  127  11:12  Zergling x2  
  127  11:16  Zergling x2  
  127  11:17  Zergling x10  
  127  11:18  Zergling x2  
  138  11:20  Hive  
  138  11:21  Drone, Lurker Den  
  138  11:25  Hatchery  
  136  11:29  Zergling x8  
  136  11:30  Baneling x10  
  137  11:37  Zergling x2  
  137  11:38  Zergling x6  
  134  11:42  Baneling x5, Zergling x4  
  134  11:43  Baneling x4  
  131  11:54  Zergling x14  
  125  11:55  Zergling x2  
  125  11:59  Zergling x8  
  130  12:07  Zergling x8  
  121  12:10  Hydralisk x3  
  121  12:12  Queen x2  
  121  12:13  Queen  
  132  12:16  Zergling x2  
  132  12:17  Zergling x2  
  132  12:22  Zergling x12  
  140  12:24  Baneling x10  
  135  12:33  Overseer x4  
  135  12:34  Zergling x16  
  129  12:43  Zergling x14  
  114  12:49  Hydralisk x6  
  118  12:55  Hydralisk  
  118  12:58  Zergling x8  
  123  13:02  Baneling x4  
  123  13:03  Zergling x8  
  127  13:05  Zergling x2  
  127  13:06  Zergling x4  
  127  13:08  Lurker  
  127  13:11  Drone, Extractor  
  127  13:12  Drone  
  125  13:16  Baneling x2  
  125  13:17  Baneling  
  121  13:22  Lurker  
  121  13:24  Drone  
  121  13:25  Zergling x12  
  122  13:30  Zergling x2  
  122  13:31  Zergling x8  
  107  13:38  Zergling x10  
  109  13:41  Lurker x2  
  109  13:42  Lurker  
  112  13:55  Hatchery  
  111  13:58  Zergling x6  
  111  14:02  Hydralisk  
  114  14:05  Hydralisk  
  114  14:08  Baneling x2  
Tags
 
Add a new tag
Caveats
  • Supply blocks, unpowered buildings, or Contaminate may cause inaccurate times.
  • Supply counts are checked every 10 seconds.